 Dungeon Crawl Stone Soup version 0.28-a0-1624-g820543e53a (webtiles) character file.

Game seed: 4281276056069304854

15 HallandMoats the Vandal (level 2, 0/25 HPs)
             Began as a Ghoul Hunter on Jan 23, 2022.
             Slain by a jackal (2 damage)
             ... on level 1 of the Dungeon.
             The game lasted 00:00:23 (90 turns).

HallandMoats the Vandal (Ghoul Hunter)                Turns: 90, Time: 00:00:24

Health: 0/25       AC:  3    Str: 15    XL:     2   Next: 50%
Magic:  1/1        EV: 11    Int:  6    God:
Gold:   0          SH:  0    Dex:  9    Spells: 1/1 levels left

rFire   . . .      SeeInvis .   b - +0 short sword
rCold   + . .      Faith    .   (no shield)
rNeg    + + +      Spirit   .   c - +0 leather armour
rPois   ∞          Reflect  .   (no helmet)
rElec   .          Harm     .   (no cloak)
rCorr   .          Rampage  .   (no gloves)
Will    .....                   (no boots)
Stlth   +.........              (no amulet)
HPRegen 0.00/turn               (no ring)
MPRegen 0.07/turn               (no ring)

@: inhibited regen
A: claws 1, cold resistance 1, negative energy resistance 3, inhibited
regeneration, torment resistance 2
a: no special abilities


You were on level 1 of the Dungeon.
You visited 1 branch of the dungeon, and saw 1 of its levels.

Inventory:

Hand Weapons
 a - a +1 hunting sling
 b - a +0 short sword (weapon)
Armour
 c - a +0 leather armour (worn)
Potions
 e - 2 potions of might {unknown}


   Skills:
 * Level 2.7 Fighting
 + Level 3.7 Slings
 + Level 0.5 Armour
 + Level 2.0 Dodging
 - Level 1.1 Stealth


You had one spell level left.
You didn't know any spells.
Your spell library was empty.

Dungeon Overview and Level Annotations

Branches:
Dungeon (1/15)

Altars:


Innate Abilities, Weirdness & Mutations

You thrive by killing the living.
You are immune to poison.
You have sharp fingernails.
Your flesh is cold resistant. (rC+)
You are immune to negative energy. (rN+++)
You do not regenerate when monsters are visible.
You are immune to unholy pain and torment.


Message History

You closely miss the quokka. The quokka barely misses you.
The jackal closely misses you.
You hit the quokka but do no damage.
The quokka bites you but does no damage.
The jackal bites you.
A jackal comes into view.
You barely miss the quokka.
The jackal bites you but does no damage.
The quokka bites you but does no damage.
The jackal misses you. The quokka closely misses you.
You hit the quokka but do no damage.
The jackal bites you but does no damage.
The quokka barely misses you.
You miss the quokka. The jackal bites you. The quokka completely misses you.
The jackal bites you.
You closely miss the quokka. The jackal closely misses you.
The quokka bites you but does no damage.
The jackal closely misses you. The quokka bites you.
You hit the quokka.
The quokka is almost dead.
The jackal closely misses you. The jackal misses you. The quokka bites you.
The jackal bites you.
* * * LOW HITPOINT WARNING * * *
You closely miss the quokka.
The quokka is almost dead.
The jackal bites you.
* * * LOW HITPOINT WARNING * * *
The quokka closely misses you. The jackal closely misses you.
The jackal bites you but does no damage. x2
You closely miss the quokka.
The quokka is almost dead.
A jackal comes into view.
The jackal bites you but does no damage.
The quokka closely misses you. The jackal barely misses you. x3
The quokka barely misses you. The quokka bites you.
* * * LOW HITPOINT WARNING * * *
The jackal closely misses you. The jackal misses you. The jackal bites you.
You die...

..........# ..
........(.+ #(.
#.........# .#..
#.........### .#..(
#...........# .#...###
#...........# .
...(.#####(((......#
####+#...(.(.(rh@....##
........([()(.(hh(......
......#.....)...........
......#..####...........
......##.# #.....$#####
......##.# .........#
......##.# ..........#
......##h.#..........#
......###.#..........#


You could see a quokka and 3 jackals.

Vanquished Creatures
  A ball python (D:1)
  A giant cockroach (D:1)
  2 goblins (D:1)
  A hobgoblin (D:1)
  3 jackals (D:1)
  A frilled lizard (D:1)
  3 kobolds (D:1)
  2 rats (D:1)
14 creatures vanquished.

Notes
Turn   | Place    | Note
-------+----------+-------------------------------------------
     0 | D:1      | HallandMoats the Ghoul Hunter began the quest for the Orb.
     0 | D:1      | Reached XP level 1. HP: 17/17 MP: 0/0
    53 | D:1      | Reached XP level 2. HP: 25/25 MP: 1/1
    90 | D:1      | Slain by a jackal

Illustrated notes

Levels and vault maps discovered:
D:1:      shiori_shiawase, layout_basic, serial_shops, nicolae_shop_crystal

Skill      XL: |  1  2 |
---------------+-------+-----
Dodging        | 2 |  2.0
Fighting       | |  2.7
Slings         | |  3.7
Armour         | |  0.5
Stealth        | |  1.1

Action                   || total
-------------------------++-------
Melee: Short sword       ||    15
 Fire: Hunting sling     ||    22
Armor: Leather armour    ||    13
Dodge: Dodged            ||    26

Table legend: (Time is in decaauts)
 A = Elapsed time spent in this place.
 B = Non-inter-level travel time spent in this place.
 C = Inter-level travel time spent in this place.
 D = Time resting spent in this place.
 E = Time spent auto-exploring this place.
 F = Levels seen in this place.
 G = Mean time per level.
                   A        B        C        D        E       F      G
               +--------+--------+--------+--------+--------+-----+--------+
         Total |     91 |     91 |      0 |      0 |     36 |   1 |   91.0 |
       Dungeon |     91 |     91 |      0 |      0 |     36 |   1 |   91.0 |
               +--------+--------+--------+--------+--------+-----+--------+

Top non-repeatable levels by time:
     D:1: 91 daAuts
